 Dungeon Crawl Stone Soup version 0.29-a0-542-g075992c915 (webtiles) character file.

Game seed: 15786334321110430712

7494 Crownlay the Cleaver (level 11, -23/92 HPs)
             Began as a Hill Orc Fighter on June 3, 2022.
             Was a High Priest of Cheibriados.
             Annihilated by an orc knight
             ... wielding a +0 trident
              (27 damage)
             ... in a bailey on June 4, 2022.
             The game lasted 00:16:38 (8599 turns).

Crownlay the Cleaver (Hill Orc Fighter)             Turns: 8599, Time: 00:16:39

Health: -23/92     AC: 18    Str: 37    XL:     11   Next: 16%
Magic:  1/19       EV: 10    Int: 21    God:    Cheibriados [*****.]
Gold:   532        SH:  7    Dex: 23    Spells: 10/10 levels left

rFire   . . .      SeeInvis .   a - +0 war axe
rCold   . . .      Faith    .   c - +0 buckler
rNeg    . . .      Spirit   .   b - +0 scale mail
rPois   .          Reflect  .   P - +1 helmet
rElec   .          Harm     .   O - +1 cloak
rCorr   .          Rampage  .   L - +1 Delatra's gloves {ID++}
Will    .....                   (no boots)
Stlth   +.........              H - amulet of regeneration
HPRegen 1.05/turn               t - +4 ring of protection
MPRegen 0.16/turn               N - ring of flight

@: brilliant, attractive, flying, studying Invocations, very slow
A: no striking features
a: Renounce Religion, Bend Time, Temporal Distortion, Slouch, Step From Time


You were in a bailey.
You worshipped Cheibriados.
Cheibriados was extremely pleased with you.
You visited 1 branch of the dungeon, and saw 9 of its levels.
You also visited: Sewer and Bailey.

You collected 596 gold pieces.
You spent 64 gold pieces at shops.

Inventory:

Hand Weapons
 a - a +0 war axe (weapon)
 w - a +0 vampiric morningstar
 T - the +5 halberd of Law {vorpal, rN+}
   (You took it off Maurice on level 9 of the Dungeon)

   It inflicts extra damage upon your enemies.
   rN:        It protects you from negative energy.
Missiles
 u - 3 javelins (quivered)
 y - 6 boomerangs
 D - 5 curare-tipped darts
 F - 2 throwing nets
Armour
 b - a +0 scale mail (worn)
 c - a +0 buckler (worn)
 L - the +1 Delatra's gloves (worn) {ID++}
   (You found it on level 7 of the Dungeon)

   It heals its wearer when they drink unknown potions.
   It restores its wearer's MP when they read unknown scrolls.
 O - a +1 cloak (worn)
 P - a +1 helmet (worn)
Jewellery
 r - a ring of protection from fire
 t - a +4 ring of protection (left hand)
 H - an amulet of regeneration (around neck)
 N - a ring of flight (right hand)
 R - a ring of protection from fire
 S - a ring of protection from cold
Wands
 p - a wand of paralysis (8)
 x - a wand of acid (11)
 B - a wand of iceblast (6)
 I - a wand of digging (13)
 Q - a wand of mindburst (6)
Scrolls
 f - 2 scrolls of teleportation
 g - 2 scrolls of blinking
 h - a scroll of magic mapping
 i - a scroll of enchant weapon
 j - a scroll of fear {unknown}
 m - 4 scrolls of amnesia
 n - 3 scrolls of poison
 C - a scroll of summoning {unknown}
 G - a scroll of brand weapon {unknown}
 J - a scroll of enchant armour {unknown}
 M - 2 scrolls of identify
Potions
 d - 3 potions of might
 e - 2 potions of heal wounds
 k - a potion of brilliance
 l - 3 potions of haste
 o - 2 potions of flight
 q - 3 potions of magic {unknown}
 s - a potion of degeneration {unknown}
 v - 8 potions of curing {unknown}
 z - 3 potions of invisibility {unknown}
 A - 2 potions of cancellation {unknown}
 E - 2 potions of lignification {unknown}


   Skills:
 + Level 7.0 Fighting
 * Level 13.4 Axes
 - Level 5.0 Throwing
 - Level 7.0 Armour
 + Level 8.3 Shields
 + Level 10.9 Invocations


You had 10 spell levels left.
You didn't know any spells.
Your spell library contained the following spells:

 Spells                   Type           Power      Damage    Failure   Level
 Apportation              Tloc           0%         N/A       36%         1
 Necrotize                Necr           0%         1d4       36%         1
 Summon Small Mammal      Summ           0%         N/A       36%         1
 Poisonous Vapours        Pois/Air       0%         N/A       50%         2
 Conjure Flame            Conj/Fire      0%         6-21      75%         3
 Gell's Gravitas          Tloc           0%         N/A       75%         3
 Ignite Poison            Fire/Tmut/Pois 0%         N/A       75%         3
 Lesser Beckoning         Tloc           0%         N/A       75%         3
 Summon Guardian Golem    Hex/Summ       0%         N/A       75%         3
 Teleport Other           Tloc           0%         N/A       75%         3
 Corpse Rot               Necr/Pois/Air  0%         N/A       98%         4
 Fulminant Prism          Conj/Hex       0%         3d6       98%         4
 Iskenderun's Mystic Bla  Conj/Tloc      0%         2d3       98%         4
 Sticky Flame             Conj/Fire      0%         2d3       98%         4
 Lee's Rapid Deconstruct  Erth           0%         3d5*      100%        5
 Orb of Destruction       Conj           0%         9d5       100%        7
 Spellforged Servitor     Conj/Summ      0%         N/A       100%        7


Dungeon Overview and Level Annotations

Branches:
Dungeon (9/15)             Temple (0/1) D:4            Lair (0/6) D:8
  Sewer (visited)          Bailey (1/1)
    Orc: D:9-12

Altars:
Ashenzari
Cheibriados
Dithmenos
Hepliaklqana
Makhleb
Nemelex Xobeh
Ru
Uskayaw
Vehumet

Shops:
D:7 *


Message History

Activating: Slouch (1% risk of failure)
Press: ? - help, Dir - look around, f - activate You can feel time thicken for a moment.
You kill the orc!
Cheibriados appreciates the change of pace.
Cheibriados lowers the support of your attributes as your movement quickens.
The orc warrior hits you from afar with a +0 glaive.
The orc knight hits you with a +0 halberd!
* * * LOW HITPOINT WARNING * * *
The orc warrior is attracted toward you.
You feel much better. The orc warrior closely misses you.
The orc knight closely misses you.
The orc knight hits you with a +0 halberd!!
* * * LOW HITPOINT WARNING * * *
Okay, then.
Blink to where?
Press: ? - help, Dir - move target
As you read the scroll of blinking, it crumbles to dust.
The orc knight is attracted toward you. x2
The orc warrior is attracted toward you.
You feel much better.
The orc knight hits you from afar with a +0 halberd!!
* * * LOW HITPOINT WARNING * * *
The orc knight is attracted toward you. x2
The orc warrior is attracted toward you.
It was a potion of brilliance.
You feel clever all of a sudden.
The energy of discovery flows from your fingertips!
You feel much better. The orc warrior barely misses you.
The orc knight hits you with a +0 trident!!
* * * LOW HITPOINT WARNING * * *
The orc knight hits you with a +0 halberd!
* * * LOW HITPOINT WARNING * * *
Okay, then.
You warp the flow of time around you!
You slash the orc warrior!
The orc warrior is almost dead.
You closely miss the orc knight. You block the orc warrior's attack.
The orc knight hits you from afar with a +0 trident!!
You die...

#....(#
#...(.#
#....(#
#.....#
#.....#
##'''##
##o....##
#o).....#
#@o.....#
#).#.#..#
#).#8#..#
#)))....#
##.....##
###'###
#...#
#...#
#...#


You could see 2 orc knights and an orc warrior (strong).

Vanquished Creatures
  A centaur warrior (D:8)
  2 two-headed ogres
  Pikel (D:4)
  A cyclops (D:8)
  Maurice (D:9)
  A troll (D:9)
  2 wyverns
  A yak (D:8)
  2 steam dragons
  2 wargs (D:8)
  An acid dragon (D:6)
  2 water moccasins
  4 orc warriors
  3 sky beasts
  A black bear (D:7)
  2 centaurs
  2 phantoms (D:6)
  2 kobold brigands
  4 bullfrogs
  3 necrophages
  A scorpion (D:5)
  4 wights (D:8)
  3 killer bees (D:8)
  2 electric eels (D:8)
  3 howler monkeys (D:8)
  2 jellies
  A gnoll shaman (D:7)
  4 hounds
  4 orc priests
  5 orc wizards
  2 iguanas
  8 gnolls
  12 adders
  A shadow imp (D:7)
  A white imp (D:5)
  4 worms
  4 dart slugs
  40 orcs
  9 bats
  16 endoplasms
  12 giant cockroaches
  8 goblins
  7 hobgoblins
  16 kobolds
  10 quokkas
  16 ball pythons
  11 frilled lizards
  11 rats
255 creatures vanquished.

Vanquished Creatures (others)
  3 plants (D:8)
3 creatures vanquished.

Grand Total: 258 creatures vanquished

Notes
Turn   | Place    | Note
-------+----------+-------------------------------------------
     0 | D:1      | Crownlay the Hill Orc Fighter began the quest for the Orb.
     0 | D:1      | Reached XP level 1. HP: 19/19 MP: 1/1
    46 | D:1      | Reached skill level 3 in Axes
   292 | D:1      | Reached XP level 2. HP: 26/26 MP: 2/2
   416 | D:1      | Reached skill level 4 in Axes
   941 | D:1      | Reached XP level 3. HP: 31/31 MP: 3/3
   966 | D:1      | Found a faded altar of an unknown god.
  1069 | D:1      | Prayed at the altar of an unknown god.
  1069 | D:1      | Became a worshipper of Cheibriados the Contemplative
  1069 | D:1      | Reached * piety under Cheibriados
  1083 | D:2      | Found a broken altar of Ashenzari.
  1538 | D:2      | Reached skill level 5 in Axes
  1700 | D:2      | Reached ** piety under Cheibriados
  1711 | D:2      | Reached XP level 4. HP: 40/40 MP: 4/4
  1776 | D:3      | Found a radiant altar of Vehumet.
  1818 | D:3      | Reached skill level 1 in Invocations
  2258 | D:3      | Reached XP level 5. HP: 32/46 MP: 4/6
  2672 | D:3      | Reached *** piety under Cheibriados
  3053 | D:3      | Found a hide-covered altar of Uskayaw.
  3053 | D:3      | Found a shadowy altar of Dithmenos.
  3082 | D:4      | Noticed Pikel
  3082 | D:4      | Noticed a lemure
  3082 | D:4      | Noticed a lemure
  3082 | D:4      | Noticed a lemure
  3082 | D:4      | Noticed a lemure
  3089 | D:4      | Killed Pikel
  3090 | D:4      | Reached skill level 7 in Axes
  3090 | D:4      | Reached XP level 6. HP: 38/55 MP: 6/8
  3090 | D:4      | Reached XP level 7. HP: 42/60 MP: 6/9
  3227 | D:4      | Reached skill level 5 in Fighting
  3339 | D:4      | Found a staircase to the Ecumenical Temple.
  3582 | D:4      | Found a burning altar of Makhleb.
  3584 | D:4      | Noticed a blizzard demon
  3588 | D:4      | Noticed a hellwing
  3588 | D:4      | Noticed a neqoxec
  3617 | D:4      | Found a hazy altar of Hepliaklqana.
  3674 | D:5      | Entered Level 5 of the Dungeon
  3794 | D:5      | Found a glowing drain.
  3808 | D:5      | Reached **** piety under Cheibriados
  3809 | D:5      | Reached skill level 1 in Throwing
  3822 | Sewer    | Entered a sewer
  4135 | Sewer    | Reached XP level 8. HP: 66/68 MP: 10/10
  4232 | Sewer    | Reached ***** piety under Cheibriados
  4350 | Sewer    | Reached skill level 8 in Axes
  4350 | Sewer    | Reached skill level 5 in Shields
  4351 | Sewer    | Reached skill level 5 in Armour
  5338 | D:6      | Reached skill level 9 in Axes
  5338 | D:6      | Reached skill level 5 in Invocations
  5735 | D:6      | Reached XP level 9. HP: 75/75 MP: 12/12
  6407 | D:7      | Found the +1 Delatra's gloves {ID++}
  6581 | D:7      | Identified the +1 leather armour of Grace {Dex+4}
  6729 | D:7      | Found Coiblaso's Serpentskin Sales.
  6755 | D:7      | Bought a scroll of poison for 38 gold pieces
  6755 | D:7      | Bought 4 curare-tipped darts for 26 gold pieces
  6770 | D:7      | Reached skill level 10 in Axes
  6804 | D:7      | Found a sacrificial altar of Ru.
  7068 | D:7      | Identified a scroll of acquirement
  7069 | D:7      | Acquired a manual of Invocations
  7108 | D:8      | Found a staircase to the Lair.
  7215 | D:8      | Reached ****** piety under Cheibriados
  7218 | D:8      | Reached XP level 10. HP: 86/86 MP: 15/15
  7286 | D:8      | Reached skill level 11 in Axes
  7365 | D:8      | Noticed a two-headed ogre
  7373 | D:8      | Killed a two-headed ogre
  7847 | D:8      | Found a sparkling altar of Nemelex Xobeh.
  7982 | D:8      | Noticed a centaur warrior
  7983 | D:8      | Noticed a cyclops
  8000 | D:8      | Killed a centaur warrior
  8001 | D:8      | Reached skill level 12 in Axes
  8007 | D:8      | Killed a cyclops
  8389 | D:9      | Reached skill level 5 in Throwing
  8406 | D:9      | Noticed a two-headed ogre
  8412 | D:9      | Killed a two-headed ogre
  8413 | D:9      | Reached skill level 13 in Axes
  8413 | D:9      | Reached skill level 10 in Invocations
  8413 | D:9      | Reached XP level 11. HP: 58/92 MP: 18/18
  8433 | D:9      | Found a flagged portal.
  8433 | D:9      | Noticed Maurice
  8434 | D:9      | Identified the +5 halberd of Law {vorpal, rN+}
  8449 | D:9      | Killed Maurice
  8457 | Bailey   | Entered a bailey
  8575 | Bailey   | Noticed an orc knight
  8575 | Bailey   | Noticed an orc knight
  8598 | Bailey   | HP: 3/92 [orc knight/+0 halberd (17)]
  8599 | Bailey   | Annihilated by an orc knight

Illustrated notes

Levels and vault maps discovered:
D:1:      eino_arrival_tree_alley, layout_loops_corners, basic_ecumenical_altar
D:2:      layout_rooms, serial_glass, glass_columns_a, glass_columns_b,
          basic_altar
D:3:      layout_loops_ring, mainiacjoe_overflow_tiny_flanked,
          gammafunk_temple_overflow_wave, minmay_randomly_rotated_circles
D:4:      layout_rooms, lemuel_coloured_pillars_altar,
          makhleb_altar_promises_db, minmay_temple_entry_tees,
          minmay_misc_feat_hallway, uniq_pikel
D:5:      layout_basic, gup_sewer_entry_glass
D:6:      layout_basic
D:7:      layout_loops_cross, mainiacjoe_overflow_alcove_2, guppyfry_shop_venom
D:8:      nzn_winding_woodlands_three_and_one
          [nzn_winding_woodlands_5x15_pockets,
          nzn_winding_woodlands_5x15_default,
          nzn_winding_woodlands_5x15_lazy_stream,
          nzn_winding_woodlands_center_diamonds], layout_basic,
          overflow_temple_1_default, erik_lair_orcish_takeover,
          dreamdust_princess_bridge, wad_floor_pattern_1
D:9:      layout_cave_pools, okawaru_humans, enter_bailey_2, uniq_maurice,
          uniq_harold
Bailey:   bailey_polearm_5, bailey

Skill      XL: |  1  2  3  4  5  6  7  8  9 10 |
---------------+-------------------------------+-----
Axes           | 3 4 5 7 9 10 13 | 13.4
Invocations    | 1 3 5 7 10 | 10.9
Fighting       | 4 5 7 |  7.0
Armour         | 4 5 6 7 |  7.0
Shields        | 4 5 6 8 |  8.3
Throwing       | 1 2 3 5 |  5.0

Action                   |  1- 3 |  4- 6 |  7- 9 | 10-12 || total
-------------------------+-------+-------+-------+-------++-------
Melee: War axe           |   119 |   121 |   327 |   152 ||   719
Throw: Javelin           |       |       |     1 |     7 ||     8
       Throwing net      |       |       |       |     1 ||     1
Invok: Step From Time    |       |       |       |     1 ||     1
       Slouch            |       |       |       |     1 ||     1
       Temporal Distorti |       |       |       |     1 ||     1
  Use: Potion            |       |     1 |     1 |     7 ||     9
       Scroll            |       |       |     8 |     5 ||    13
 Stab: Held in net/web   |       |       |       |     1 ||     1
Armor: Scale mail        |    54 |    67 |   213 |   103 ||   437
Dodge: Dodged            |    60 |    49 |   156 |    95 ||   360
Block: Buckler           |    26 |    33 |   134 |    71 ||   264

Table legend: (Time is in decaauts)
 A = Elapsed time spent in this place.
 B = Non-inter-level travel time spent in this place.
 C = Inter-level travel time spent in this place.
 D = Time resting spent in this place.
 E = Time spent auto-exploring this place.
 F = Levels seen in this place.
 G = Mean time per level.
                   A        B        C        D        E       F      G
               +--------+--------+--------+--------+--------+-----+--------+
         Total |  12376 |  12068 |    308 |      0 |   9882 |  11 | 1125.1 |
       Dungeon |  11362 |  11054 |    308 |      0 |   9243 |   9 | 1262.4 |
         Sewer |    806 |    806 |      0 |      0 |    525 |   1 |  806.0 |
        Bailey |    206 |    206 |      0 |      0 |    113 |   1 |  206.0 |
               +--------+--------+--------+--------+--------+-----+--------+

Top non-repeatable levels by time:
     D:8: 2216 daAuts
     D:6: 1925 daAuts
     D:3: 1699 daAuts
     D:7: 1604 daAuts
     D:1: 1107 daAuts
     D:5: 916 daAuts
     D:2: 883 daAuts
     D:4: 869 daAuts
   Sewer: 806 daAuts
  Bailey: 206 daAuts
     D:9: 139 daAuts
